 Dungeon Crawl Stone Soup version 0.27.1-33-g824d729ab1 (webtiles) character file.

Game seed: 3527072337556942048

97379 Sharkman1231 the Basher (level 15, 0/125 (127) HPs)
             Began as a Demonspawn Delver on Dec 19, 2021.
             Was the Champion of Okawaru.
             Killed from afar by a deep elf zephyrmancer (32 damage)
             ... with a bolt of lightning
             ... on level 1 of the Elven Halls.
             The game lasted 00:48:03 (41777 turns).

Sharkman1231 the Basher (Demonspawn Delver)        Turns: 41777, Time: 00:48:04

HP:   0/125 (127)   AC: 18    Str: 13      XL:     15   Next: 71%
MP:   21/21         EV: 21    Int: 10      God:    Okawaru [******]
Gold: 2908          SH:  6    Dex: 23 (24) Spells: 14/14 levels left

rFire    + + +     SeeInvis +   a - +8 whip "Snakebite" {venom, curare, rPois}
rCold    . . .     Faith    .   Y - +0 buckler
rNeg     . . .     Spirit   .   X - +4 ring mail {rPois}
rPois    +         Reflect  .   (helmet unavailable)
rElec    .         Harm     .   y - +0 cloak
rCorr    .         Rampage  .   N - +0 pair of gloves
Will     ++...                  h - +2 pair of boots
Stlth    +++++.....             J - amulet of the Invisible Hand {RegenMP rF+++ Will+ Int-4 Stlth+}
HPRegen  0.30/turn              s - +4 ring of evasion
MPRegen  0.42/turn              H - +6 ring of dexterity

@: lightly drained
A: antennae 3, rugged brown scales 2, spiny 1
a: Renounce Religion, Heroism, Finesse


You were on level 1 of the Elven Halls.
You worshipped Okawaru.
Okawaru was exalted by your worship.
You visited 6 branches of the dungeon, and saw 25 of its levels.
You also visited: Sewer, Ossuary, Bailey and Ice Cave.

You collected 3018 gold pieces.
You spent 110 gold pieces at shops.

Inventory:

Hand Weapons
 a - the +8 whip "Snakebite" (weapon) {venom, curare, rPois}
   (You found it on level 2 of the Lair of Beasts)

   It poisons the flesh of those it strikes.
   It occasionally inflicts asphyxiating poison on those it strikes, dealing
   poison damage and causing slowness.
   rPois:     It protects you from poison.
 b - a +3 hand axe of flaming
Missiles
 B - a throwing net
 F - 5 curare-tipped darts (quivered)
Armour
 h - a +2 pair of boots (worn)
 y - a +0 cloak (worn)
 N - a +0 pair of gloves (worn)
 R - +0 fire dragon scales
 X - a +4 ring mail of poison resistance (worn)
 Y - a +0 buckler (worn)
Jewellery
 s - a +4 ring of evasion (left hand)
 H - a +6 ring of dexterity (right hand)
 J - the amulet of the Invisible Hand (around neck) {RegenMP rF+++ Will+ Int-4 Stlth+}
   (You found it in a bailey)

   [amulet of magic regeneration]

   It increases your rate of magic regeneration.
   Int:       It affects your intelligence (-4).
   rF:        It renders you almost immune to fire.
   Will:      It increases your willpower.
   Stlth:     It makes you more stealthy.
 O - a ring of protection from fire
 S - a ring of flight
Wands
 g - a wand of digging (3)
 t - a wand of acid (18)
 M - a wand of iceblast (24)
 Z - a wand of flame (2)
Scrolls
 c - 3 scrolls of fog
 d - 2 scrolls of summoning
 e - 2 scrolls of fear
 i - 2 scrolls of immolation
 k - 3 scrolls of enchant armour
 l - 2 scrolls of amnesia
 o - 3 scrolls of teleportation
 p - a scroll of blinking
 q - 6 scrolls of enchant weapon
 r - 3 scrolls of brand weapon
 v - 5 scrolls of magic mapping
 x - a scroll of holy word
 I - 3 scrolls of silence
 T - 6 scrolls of identify
 W - 2 scrolls of vulnerability
Potions
 f - 2 potions of haste
 j - 4 potions of might
 n - a potion of flight
 u - 2 potions of brilliance
 w - 6 potions of curing
 z - 7 potions of attraction
 A - a potion of resistance
 C - 3 potions of lignification
 D - a potion of ambrosia
 E - 6 potions of cancellation
 G - 5 potions of heal wounds
 L - a potion of berserk rage
 U - 2 potions of magic
Miscellaneous
 m - a condenser vane
 P - a phial of floods
 Q - a box of beasts
 V - a piece from Xom's chessboard (15/15)


   Skills:
 + Level 12.2 Fighting
 - Level 3.6(10.4) Axes
 - Level 12.4(12.6) Maces & Flails
 - Level 8.6(8.9) Polearms
 - Level 8.1 Armour
 - Level 9.7 Dodging
 + Level 10.2 Stealth
 - Level 4.0 Shields
 - Level 8.0 Invocations
 - Level 9.5 Evocations


You had 14 spell levels left.
You didn't know any spells.
Your spell library contained the following spells:

 Spells                   Type           Power      Damage    Failure   Level
 Corona                   Hex            0%         N/A       58%         1
 Ensorcelled Hibernation  Hex/Ice        0%         N/A       73%         2
 Call Canine Familiar     Summ           0%         N/A       91%         3
 Inner Flame              Hex/Fire       0%         N/A       91%         3
 Portal Projectile        Hex/Tloc       0%         N/A       91%         3
 Stone Arrow              Conj/Erth      0%         3d7       91%         3
 Tukima's Dance           Hex            0%         N/A       91%         3
 Airstrike                Air            0%         N/A       100%        4
 Animate Armour           Summ/Erth      0%         N/A       100%        4
 Cause Fear               Hex            0%         N/A       100%        4
 Leda's Liquefaction      Hex/Erth       0%         N/A       100%        4
 Summon Lightning Spire   Summ/Air       0%         N/A       100%        4
 Alistair's Intoxication  Tmut/Pois      0%         N/A       100%        5
 Borgnjor's Vile Clutch   Necr/Erth      0%         N/A       100%        5
 Lightning Bolt           Conj/Air       0%         1d11      100%        5
 Eringya's Noxious Bog    Tmut/Pois      0%         N/A       100%        6
 Discord                  Hex            0%         N/A       100%        8
 Lehudib's Crystal Spear  Conj/Erth      0%         10d2      100%        8


Dungeon Overview and Level Annotations

Branches:
Dungeon (14/15)            Temple (1/1) D:6            Lair (6/6) D:10
 Shoals (1/4) Lair:3        Snake (0/4) Lair:3        Slime (0/5) Lair:5
    Orc (2/2) D:11            Elf (1/3) Orc:2        Vaults (0/5) D:14
  Sewer (visited)         Ossuary (visited)          Bailey (visited)
  IceCv (visited)

Altars:
Ashenzari
Cheibriados
Dithmenos
Elyvilon
Fedhas
Hepliaklqana
Makhleb
Nemelex Xobeh
Okawaru
Qazlal
Sif Muna
Trog
Uskayaw
Vehumet
Wu Jian
Xom
Yredelemnul
Zin
The Shining One
Beogh
Jiyva

Shops:
D:3 [   D:12 *   Orc:2 !(

Annotations:
D:4 2 transporters, Squirrel's ghost, amateur HOFi
D:13 Rupert
D:14 exclusion: hydra
Lair:3 exclusion: oklob plant


Innate Abilities, Weirdness & Mutations

You have a pair of large antennae on your head. (SInv)
You are mostly covered in rugged brown scales. (AC +2, +5% HP)
You are partially covered in sharp spines.


Message History

The deep elf zephyrmancer hits you with a +2 long sword of draining.
You feel drained.
Unknown command.
You hit the deep elf zephyrmancer.
The deep elf zephyrmancer is poisoned.
The deep elf zephyrmancer is lightly wounded.
The deep elf demonologist casts a spell.
You hit the deep elf zephyrmancer.
The deep elf zephyrmancer looks as sick as possible!
The deep elf zephyrmancer is moderately wounded.
The deep elf zephyrmancer gestures at you while chanting.
The bolt of lightning hits you!!
You are too injured to fight recklessly!
You whack the deep elf zephyrmancer!
The deep elf zephyrmancer is heavily wounded.
A deep elf pyromancer comes into view.
It is wielding a +2 short sword of holy wrath.
Unknown command.
Okay, then.
The deep elf zephyrmancer gestures at you while chanting.
The bolt of lightning misses you.
The deep elf pyromancer casts a spell.
The deep elf pyromancer blinks!
The deep elf zephyrmancer gestures at you while chanting.
The bolt of lightning hits you!!
* * * LOW HITPOINT WARNING * * *
Blink to where?
Press: ? - help, Dir - move target A water elemental and a deep elf zephyrmancer come into view.
As you read the scroll of blinking, it crumbles to dust.
Unknown command.
Found a leather armour.
The deep elf zephyrmancer shouts!
The deep elf zephyrmancer points at you and mumbles some strange words.
The bolt of lightning misses you.
The deep elf zephyrmancer points at you and mumbles some strange words.
The bolt of lightning misses you.
A deep elf archer and a deep elf zephyrmancer come into view.
The deep elf zephyrmancer shouts!
You hear a shout! x3
The deep elf zephyrmancer casts a spell at you.
The bolt of lightning hits you!!
You die...

.............8.#
...............#
...8.....8...[##
#...........###
##.###.###.##
.....#.#.#.#
.....#.....#######
.....###.##......########
#........# .####@#....ee.
##.###.### .# #.#.#####
##.# #.# .# #......# ##.#
#.# .# ###.##.#.. ##.#
#.# .# #e# ##. ##.# #.#
#.# #.# ##.# #.# ##. #.#
...# #.. ..######{# ...#
###...{.#


You could see a deep elf archer (repels missiles) and 2 deep elf zephyrmancers.

Vanquished Creatures
  Nessos (Lair:6)
  A white draconian (IceCv)
  The ghost of pkoi the Grappler, a journeyman DrMo of Okawaru (Lair:4)
  A fire dragon (Lair:6)
  5 hydras
  2 boulder beetles
  A rakshasa (D:8)
  2 catoblepae
  3 vault guards
  3 centaur warriors (D:14)
  A dancing weapon (Elf:1)
  7 two-headed ogres
  8 death yaks
  2 orc high priests (Orc:2)
  2 deep elf knights (Elf:1)
  4 deep elf zephyrmancers
  2 lindwurms (Lair:6)
  A deep elf archer (D:14)
  An ugly thing (D:13)
  9 orc knights
  3 deep elf pyromancers
  An oklob plant (Lair:2)
  A faun (Lair:3)
  A wolf spider (Lair:6)
  4 orc sorcerers
  2 cyclopes
  A manticore (D:12)
  3 elephants (Lair:5)
  2 moths of wrath (Lair:4)
  5 torpor snails (Lair:6)
  A guardian serpent (Lair:6)
  14 black mambas
  A gargoyle (D:12)
  23 cane toads
  6 rime drakes
  A tengu conjurer (D:14)
  2 efreet
  A freezing wraith (D:11)
  A yaktaur (D:14)
  5 trolls
  5 komodo dragons
  4 tyrant leeches (Lair:6)
  5 slime creatures (D:12)
  3 polar bears
  19 blink frogs
  14 hornets
  7 dream sheep
  A raiju (shapeshifter) (D:14)
  5 spriggans (Lair:4)
  A wraith (D:14)
  A fire elemental (Orc:2)
  9 wyverns
  A shadow (D:12)
  40 yaks
  6 basilisks
  14 vampire mosquitoes
  3 nagas (Lair:3)
  2 wargs (Orc:2)
  5 acid dragons
  35 water moccasins
  2 sky beasts
  4 hornet zombies
  36 orc warriors
  17 ogres
  5 centaurs
  27 wolves
  An elf zombie (D:8)
  3 phantoms
  A kobold brigand (D:7)
  14 bullfrogs
  A gnoll sergeant (D:5)
  4 scorpions
  A wyvern zombie (Ossuary)
  2 water moccasin zombies (Ossuary)
  2 elf skeletons (D:8)
  4 wights
  2 lindwurm simulacra (IceCv)
  A killer bee (D:7)
  5 howler monkeys
  3 electric eels
  9 bullfrog zombies
  4 hounds
  6 centaur zombies
  5 komodo dragon simulacra (IceCv)
  19 orc priests
  4 centaur skeletons
  2 gnoll shamans
  3 jellies
  2 bullfrog skeletons
  14 orc wizards
  3 killer bee zombies (Ossuary)
  A hound skeleton (D:3)
  10 mummies (Ossuary)
  6 howler monkey zombies
  6 acid dragon simulacra (IceCv)
  7 adders
  21 gnolls
  6 river rats
  13 white imps
  8 steam dragon simulacra (IceCv)
  An adder skeleton (D:5)
  10 worms
  A dart slug (D:2)
  85 orcs
  8 ball pythons
  7 bats
  6 endoplasms
  8 giant cockroaches
  14 goblins
  4 hobgoblins
  4 jackals (Sewer)
  4 quokkas
  4 frilled lizards
  6 kobolds
  An orc skeleton (D:8)
  2 orc zombies (D:8)
  14 rats
  3 bushes (Lair:2)
781 creatures vanquished.

Vanquished Creatures (collateral kills)
  A black mamba (Lair:6)
1 creature vanquished.

Vanquished Creatures (others)
  37 fungi
  72 plants
  15 toadstools (Lair:2)
  5 withered plants (Ossuary)
129 creatures vanquished.

Grand Total: 911 creatures vanquished

Notes
Turn   | Place    | Note
-------+----------+-------------------------------------------
     0 | D:5      | Sharkman1231 the Demonspawn Delver began the quest for the
                  | Orb.
     0 | D:5      | Reached XP level 1. HP: 18/18 MP: 1/1
   205 | D:4      | Found a transporter.
   207 | D:4      | Noticed a bullfrog
   207 | D:4      | Noticed Squirrel's ghost (amateur HOFi)
   214 | D:4      | Found a transporter.
   439 | D:3      | Found Baesiluw's Armour Shoppe.
   448 | D:3      | Gained mutation: You are partially covered in sharp spines.
                  | [demonic ancestry]
   448 | D:3      | Reached XP level 2. HP: 18/24 MP: 2/2
   610 | D:3      | Found a glowing drain.
   624 | D:3      | Reached skill level 1 in Evocations
   624 | D:3      | Reached XP level 3. HP: 16/29 MP: 3/3
   723 | D:3      | Reached skill level 1 in Axes
   726 | Sewer    | Entered a sewer
  1318 | Sewer    | Gained mutation: You have a pair of small antennae on your
                  | head. [demonic ancestry]
  1318 | Sewer    | Reached XP level 4. HP: 35/35 MP: 4/4
  2395 | D:1      | Found a faded altar of an unknown god.
  2675 | D:2      | Reached XP level 5. HP: 42/42 MP: 5/5
  3772 | D:3      | Reached XP level 6. HP: 48/48 MP: 6/6
  4331 | D:4      | Gained mutation: You are partially covered in rugged brown
                  | scales. (AC +1, +3% HP) [demonic ancestry]
  4331 | D:4      | Reached XP level 7. HP: 10/56 MP: 7/7
  5218 | D:5      | Reached skill level 5 in Fighting
  5328 | D:5      | Gained mutation: You are mostly covered in rugged brown
                  | scales. (AC +2, +5% HP) [demonic ancestry]
  5328 | D:5      | Reached XP level 8. HP: 43/65 MP: 8/8
  6045 | D:5      | Reached skill level 5 in Dodging
  6045 | D:5      | Reached skill level 1 in Armour
  6765 | D:6      | Found a staircase to the Ecumenical Temple.
  6797 | Temple   | Entered the Ecumenical Temple
  6829 | Temple   | Became a worshipper of Warmaster Okawaru
  7060 | D:6      | Reached skill level 1 in Invocations
  7449 | D:7      | Reached skill level 5 in Armour
  7584 | D:7      | Gained mutation: You have a pair of antennae on your head.
                  | [demonic ancestry]
  7584 | D:7      | Reached XP level 9. HP: 55/71 MP: 9/11
  7906 | D:7      | Identified the +2 whip "Yseskoan" {vorpal, *Noise rN++
                  | Will+ Dex+4}
  8133 | D:7      | Reached skill level 5 in Invocations
  8351 | D:7      | Reached * piety under Okawaru
  8597 | D:7      | Paralysed by a hornet for 3 turns
  8728 | D:8      | Noticed a rakshasa
  8923 | D:8      | Found a sand-covered staircase.
  8950 | Ossuary  | Entered an ossuary
  9232 | Ossuary  | Reached ** piety under Okawaru
  9242 | Ossuary  | Reached XP level 10. HP: 68/77 MP: 16/16
 11285 | D:9      | Reached *** piety under Okawaru
 11588 | D:9      | Found a faded altar of an unknown god.
 11588 | D:9      | Found a faded altar of an unknown god.
 11588 | D:9      | Found a hazy altar of Hepliaklqana.
 11590 | D:9      | Found a faded altar of an unknown god.
 11751 | D:10     | Entered Level 10 of the Dungeon
 12121 | D:10     | Noticed a cyclops
 12138 | D:10     | Killed a cyclops
 12138 | D:10     | Reached **** piety under Okawaru
 12439 | D:10     | Found a staircase to the Lair.
 12611 | D:10     | Reached skill level 10 in Fighting
 12611 | D:10     | Reached XP level 11. HP: 81/94 MP: 17/17
 12978 | D:10     | Found a staircase to the Lair.
 14105 | D:12     | Noticed a boulder beetle
 14548 | D:12     | Reached ***** piety under Okawaru
 14744 | D:12     | Noticed a two-headed ogre
 14751 | D:12     | Killed a two-headed ogre
 14894 | D:12     | Found Zin's Purification Station.
 15378 | D:13     | Noticed a centaur warrior
 15386 | D:13     | Noticed Rupert
 15445 | D:13     | Found a shimmering blue altar of Sif Muna.
 15474 | D:13     | Noticed a two-headed ogre
 15476 | D:13     | Noticed a red ugly thing
 15487 | D:13     | Killed a two-headed ogre
 15496 | D:13     | Killed a red ugly thing
 15542 | D:13     | Found a flagged portal.
 15573 | Bailey   | Entered a bailey
 15573 | Bailey   | Noticed an orc knight
 15573 | Bailey   | Noticed an orc knight
 15583 | Bailey   | Noticed an orc knight
 15916 | Bailey   | Killed an orc knight
 15917 | Bailey   | Reached skill level 5 in Evocations
 15946 | Bailey   | Identified the amulet of the Invisible Hand {RegenMP rF+++
                  | Will+ Int-4 Stlth+}
 16041 | Bailey   | Killed an orc knight
 16093 | Bailey   | Killed an orc knight
 16334 | Bailey   | Reached XP level 12. HP: 84/101 MP: 18/18
 16644 | D:13     | Noticed a two-headed ogre
 16653 | D:13     | Killed a two-headed ogre
 16927 | D:13     | Identified the +6 leather armour of the Evening Star {rN+
                  | Will- Dex+4}
 17226 | D:14     | HP: 3/101 [efreet (3)]
 17229 | D:14     | Received a gift from Okawaru
 17612 | D:14     | Noticed a centaur warrior
 17639 | D:14     | Killed a centaur warrior
 18114 | D:14     | Noticed a centaur warrior
 18124 | D:14     | Killed a centaur warrior
 18173 | D:14     | Noticed a catoblepas
 18479 | D:14     | Killed a catoblepas
 18764 | D:14     | Noticed a centaur warrior
 18775 | D:14     | Killed a centaur warrior
 18933 | D:14     | Noticed a seven-headed hydra
 19260 | D:14     | Reached skill level 5 in Stealth
 19478 | D:14     | Noticed a vault guard
 19875 | D:13     | Killed a vault guard
 19875 | D:13     | Received a gift from Okawaru
 20509 | D:14     | Reached skill level 1 in Shields
 20956 | D:14     | Found a gate to the Vaults.
 20956 | D:14     | Noticed a vault guard
 20957 | D:14     | Noticed a vault guard
 20998 | D:14     | Killed a vault guard
 20998 | D:14     | Reached ****** piety under Okawaru
 21286 | D:14     | Killed a vault guard
 21808 | Lair:1   | Entered Level 1 of the Lair of Beasts
 22022 | Lair:1   | Reached skill level 5 in Polearms
 22070 | Lair:1   | Reached XP level 13. HP: 85/108 MP: 19/19
 23612 | Lair:2   | Received a gift from Okawaru
 23898 | Lair:2   | Found the +8 whip "Snakebite" {venom, curare, rPois}
 24152 | Lair:2   | Reached skill level 1 in Maces & Flails
 24595 | Lair:2   | Found a blossoming altar of Fedhas.
 25681 | Lair:3   | Found a staircase to the Shoals.
 25903 | Lair:3   | Found a staircase to the Snake Pit.
 26143 | Lair:3   | Reached skill level 5 in Maces & Flails
 27269 | Shoals:1 | Entered Level 1 of the Shoals
 27292 | Lair:4   | Found a frozen archway.
 27452 | IceCv    | Entered an ice cave
 27601 | IceCv    | Identified the +8 flail "Esi Boiw" {venom, *Slow Will+
                  | Str+3}
 28397 | IceCv    | Noticed a white draconian
 28419 | IceCv    | Killed a white draconian
 28980 | Lair:4   | Received a gift from Okawaru
 28981 | Lair:4   | Reached XP level 14. HP: 108/115 MP: 20/20
 29234 | Lair:4   | Found a transporter.
 29581 | Lair:4   | Found a transporter.
 29585 | Lair:4   | Found a bloodstained altar of Trog.
 29585 | Lair:4   | Noticed pkoi's ghost (journeyman DrMo)
 31005 | Lair:4   | Killed pkoi's ghost
 31415 | Lair:4   | Reached skill level 10 in Maces & Flails
 32135 | Lair:5   | Found a viscous altar of Jiyva.
 32135 | Lair:5   | Found a staircase to the Slime Pits.
 32346 | Lair:5   | Received a gift from Okawaru
 32380 | Lair:5   | Identified the +6 broad axe "Akhlios" {pain, rPois rC-
                  | rCorr Int+4}
 32954 | Lair:6   | Entered Level 6 of the Lair of Beasts
 32987 | Lair:6   | Received a gift from Okawaru
 33513 | Lair:6   | Found a hide-covered altar of Uskayaw.
 33514 | Lair:6   | Found an ornate altar of the Wu Jian Council.
 34010 | Lair:6   | Found a runed translucent door.
 34280 | Lair:6   | Gained mutation: You have a pair of large antennae on your
                  | head. (SInv) [demonic ancestry]
 34280 | Lair:6   | Reached XP level 15. HP: 54/120 MP: 21/21
 35095 | Lair:6   | Noticed Nessos
 35556 | Lair:6   | Killed Nessos
 35556 | Lair:6   | Identified the +1 broad axe of Pessimism {spect, rC+}
                  | (Okawaru gifted it to you on level 6 of the Lair of Beasts)
 35556 | Lair:6   | Received a gift from Okawaru
 36932 | D:11     | Found a staircase to the Orcish Mines.
 38073 | Orc:1    | Entered Level 1 of the Orcish Mines
 38610 | Orc:2    | Entered Level 2 of the Orcish Mines
 39332 | Orc:2    | Found Pirryamuowk's Distillery.
 39453 | Orc:2    | Bought a potion of resistance for 110 gold pieces
 39613 | Orc:2    | Identified the +3 crystal plate armour of the Lonely
                  | Spirits {Str+6} (Okawaru gifted it to you on level 2 of the
                  | Orcish Mines)
 39613 | Orc:2    | Received a gift from Okawaru
 40316 | Orc:2    | Found Hayviusaobb's Weapon Shop.
 40970 | Orc:2    | Found a staircase to the Elven Halls.
 41212 | Elf:1    | Entered Level 1 of the Elven Halls
 41289 | Elf:1    | Reached skill level 10 in Stealth
 41757 | Elf:1    | Noticed a Hell Sentinel
 41760 | Elf:1    | Noticed a Hell Sentinel
 41777 | Elf:1    | Killed from afar by a deep elf zephyrmancer

Illustrated notes

Levels and vault maps discovered:
D:1:      ebering_hopf_link, layout_basic, ebering_ecumenical_altar_webs,
          hangedman_abyss_or_decor_lesser_grid, minmay_rat_gold_closets
D:2:      layout_basic
D:3:      layout_basic, serial_shops, nicolae_shop_stone, portal_sewer_entry_e,
          uniq_jessica
D:4:      layout_cave_pools, gammafunk_ghost_arena
D:5:      layout_basic, minmay_fractal_squares_5
D:6:      layout_basic, temple_doors_cd
D:7:      layout_loops_corners, minmay_misc_feat_doors, moated_statue,
          minmay_joined_circles
D:8:      layout_loops_ring, nicolae_ossuary_entry_catacombs, hex_large,
          minmay_misc_feat_tiny
D:9:      layout_roguey, nicolae_hepliaklqana_ecumenical_no_more
D:10:     layout_big_octagon, st_stairs_13
D:11:     layout_cave_pools, orc_0_dummy, hellmonk_guarded_unrand_dark_maul
D:12:     layout_loops_cross, zin_purify
D:13:     layout_loops_cross, ebering_ghost_disaster_area, enter_bailey_5,
          nicolae_sif_muna_little_library, uniq_rupert
D:14:     layout_loops_corners, grunt_vaults_entry_fortified,
          hellmonk_bongcloud_opening
Temple:   grunt_wide_crystal_templ
Lair:1:   layout_chaotic_city, pond, grunt_megastairs_2,
          infiniplex_staircase_pool
Lair:2:   minmay_guarded_unrand_snakebite, layout_long_grid,
          serial_bayou_pond_d, tgw_fedhas
Lair:3:   layout_roguey, elwin_shoals_entry_rocks, guppyfry_snake_entry_island,
          grunt_forest_large_clearings, minmay_lair_oklob_chamber
Lair:4:   layout_layer_cave, portal_ice_cave_entry_imps,
          gammafunk_ghost_wrathful_warriors
Lair:5:   layout_roguey, slime_altar_1, serial_bayou_shore_a
Lair:6:   wormcave, layout_cellular_growth, hangedman_lair_tendril_chambers,
          grunt_forest_stairs_basic, nzn_masters_of_martial_movement,
          uniq_nessos
Shoals:1: layout_shoals
Orc:1:    layout_caves, nicolae_orc_lost_temple
Orc:2:    pubby_orc_utopia
Elf:1:    elf_arrival_002, layout_loops_ring, minmay_elf_demonology,
          uniq_roxanne

Skill      XL: |  1  2  3  4  5  6  7  8  9 10 11 12 13 14 15 |
---------------+----------------------------------------------+-----
Polearms       | 2 3 4 5 8 |  8.6
Dodging        | 2 3 4 5 9 |  9.7
Evocations     | 1 2 3 4 6 9 |  9.5
Axes           | 1 2 3 |  3.6
Fighting       | 4 5 10 12 | 12.2
Armour         | 5 7 8 |  8.1
Invocations    | 3 8 |  8.0
Stealth        | 6 7 10 | 10.2
Shields        | 4 |  4.0
Maces & Flails | 7 12 | 12.4

Action                   |  1- 3 |  4- 6 |  7- 9 | 10-12 | 13-15 || total
-------------------------+-------+-------+-------+-------+-------++-------
Melee: Spear             |   130 |    70 |       |       |       ||   200
       Short sword       |       |   102 |   422 |   875 |   193 ||  1592
       Halberd           |       |       |       |    20 |       ||    20
       Punch             |       |       |       |     1 |       ||     1
       Whip              |       |       |       |       |  1869 ||  1869
       Hand axe          |       |       |       |       |    35 ||    35
 Fire: Arbalest          |       |       |       |    24 |       ||    24
Throw: Dart              |       |       |       |     4 |       ||     4
Invok: Heroism           |       |       |     1 |    12 |     5 ||    18
Evoke: Wand              |       |       |     6 |    36 |    16 ||    58
       Phial of floods   |       |       |       |     1 |     1 ||     2
       Piece from Xom's  |       |       |       |       |     4 ||     4
       Condenser vane    |       |       |       |       |     2 ||     2
       Box of beasts     |       |       |       |       |     1 ||     1
  Use: Scroll            |     2 |     3 |     6 |    11 |    11 ||    33
       Potion            |       |       |       |     2 |     1 ||     3
 Stab: Sleeping          |     3 |    13 |     4 |     8 |    25 ||    53
       Distracted        |       |       |       |     6 |     6 ||    12
Armor: Leather armour    |     7 |       |       |    31 |       ||    38
       Ring mail         |    20 |    14 |   113 |   168 |   306 ||   621
Dodge: Dodged            |    41 |    79 |   310 |   813 |  1171 ||  2414
Block: Other             |    17 |    25 |   102 |   198 |       ||   342
       Reflection        |       |     1 |     1 |     3 |       ||     5
       Buckler           |       |       |       |    27 |   421 ||   448
